 Dungeon Crawl Stone Soup version 0.24.1 (webtiles) character file.

Game seed: 8716975719036230780, levelgen mode: deterministic

155 eccles the Conjurer (level 5, -1/37 HPs)
             Began as a Human Conjurer on Mar 13, 2020.
             Slain by a bullfrog (6 damage)
             ... on level 4 of the Dungeon on Apr 4, 2020.
             The game lasted 00:21:11 (3324 turns).

eccles the Conjurer (Human Conjurer)                Turns: 3324, Time: 00:21:11

Health: -1/37      AC:  2    Str:  8    XL:     5   Next: 63%
Magic:  3/9        EV: 12    Int: 17    God:
Gold:   166        SH:  0    Dex: 13    Spells: 3/9 levels left

rFire    . . .     SeeInvis .   a - +1 short sword
rCold    . . .     Gourm    .   (no shield)
rNeg     . . .     Faith    .   e - +0 robe
rPois    .         Spirit   .   (no helmet)
rElec    .         Reflect  .   (no cloak)
rCorr    .         Harm     .   (no gloves)
MR       .....                  (no boots)
Stlth    ++........             (no amulet)
HPRegen  0.12/turn              (no ring)
MPRegen  0.11/turn              (no ring)

@: no status effects
A: no striking features
a: no special abilities


You were on level 4 of the Dungeon.
You were near starving.

You visited 1 branch of the dungeon, and saw 4 of its levels.

You collected 166 gold pieces.

Inventory:

Hand Weapons
 a - a +1 short sword (weapon)
 b - a +0 hunting sling
 r - a cursed -1 dagger
Missiles
 d - 67 stones
 j - 45 arrows
 k - 23 bolts
 n - 27 poisoned darts (quivered)
 p - 44 sling bullets
Armour
 e - a +0 robe (worn)
Scrolls
 f - 2 scrolls of remove curse
 l - 4 scrolls of identify
 o - a scroll of blinking
Potions
 g - a potion of brilliance
 h - 4 potions of curing
Comestibles
 c - 7 rations


   Skills:
 * Level 1.5 Fighting
 + Level 0.3 Short Blades
 + Level 1.0(1.1) Slings
 + Level 0.3(0.7) Throwing
 + Level 2.2 Dodging
 + Level 2.3 Stealth
 * Level 2.7 Spellcasting
 * Level 5.2 Conjurations


You had 3 spell levels left.
You knew the following spells:

 Your Spells              Type           Power        Failure   Level  Hunger
a - Magic Dart            Conj           ###.         1%          1    #......
b - Searing Ray           Conj           ###...       3%          2    ##.....
c - Dazzling Spray        Conj/Hex       ##....       19%         3    ###....

Your spell library contained the following spells:

 Spells                   Type           Power        Failure   Level  Hunger
 Iskenderun's Mystic Bla  Conj           ###.....     21%         4    #####..
 Force Lance              Conj/Tloc      ##......     52%         4    #####..
 Fulminant Prism          Conj/Hex       ##........   52%         4    #####..


Dungeon Overview and Level Annotations

Branches:
Dungeon (4/15)
 Temple: D:4-7

Altars:
Wu Jian

Shops:
D:4 =

Annotations:
D:4 Dowan, Duvessa


Message History

Found a stone staircase leading down.
You hit the dart slug.
The dart slug is lightly wounded.
The bullfrog closely misses you. x2; The dart slug bites you.
The dart slug bites you. The bullfrog hits you.
* * * LOW HITPOINT WARNING * * *
The bullfrog looks more healthy.
The dart slug launches a dart at you. The slug dart misses you.
The bullfrog barely misses you. The bullfrog hits you.
* * * LOW HITPOINT WARNING * * *
The bullfrog misses you. The bullfrog barely misses you.
Your magical contamination has completely faded away.
The bullfrog hits you.
* * * LOW HITPOINT WARNING * * *
The bullfrog closely misses you. The bullfrog hits you.
You die...

##### .... ...
#..### .###....#
........# ..# #...#
#.# #...###########
#.###.....w....F@.#
...##..##########.##
...##..# ..........#
......(# .#######<##
...###.# ###
...##.∩# .......#
.####### .


You could see a bullfrog and a dart slug.

Vanquished Creatures
  A bullfrog skeleton (D:2)
  4 adders (D:2)
  2 oozes
  A worm (D:2)
  3 dart slugs
  A ball python (D:1)
  9 giant cockroaches
  7 goblins
  13 hobgoblins
  5 jackals (D:3)
  7 bats
  7 frilled lizards
  6 kobolds
  6 rats
72 creatures vanquished.

Notes
Turn   | Place    | Note
-------+----------+-------------------------------------------
     0 | D:1      | eccles the Human Conjurer began the quest for the Orb.
     0 | D:1      | Reached XP level 1. HP: 13/13 MP: 3/3
   204 | D:1      | Reached XP level 2. HP: 9/20 MP: 0/5
   672 | D:1      | Reached XP level 3. HP: 23/25 MP: 1/6
  1174 | D:2      | Reached skill level 1 in Fighting
  1357 | D:2      | Upgraded the game from 0.24.0-125-gc4c63601f3 to 0.24.1
  1401 | D:2      | Reached skill level 1 in Slings
  1401 | D:2      | Reached XP level 4. HP: 15/32 MP: 0/7
  2140 | D:2      | Found a faded altar of an unknown god.
  2216 | D:2      | Reached skill level 5 in Conjurations
  2216 | D:2      | Reached XP level 5. HP: 4/37 MP: 1/8
  3050 | D:3      | Found an ornate altar of the Wu Jian Council.
  3127 | D:4      | Noticed Duvessa
  3127 | D:4      | Noticed Dowan
  3261 | D:3      | Learned a level 2 spell: Searing Ray
  3265 | D:3      | Learned a level 3 spell: Dazzling Spray
  3286 | D:4      | Found Qieteul's Jewellery Emporium.
  3291 | D:4      | Noticed a bullfrog
  3324 | D:4      | Slain by a bullfrog

Levels and vault maps discovered:
D:1:      psy_arrival_spokes, layout_basic
D:2:      kennysheep_six_static_rooms, layout_basic,
          chequers_ecumenical_altar_simple
D:3:      layout_rooms, lemuel_coloured_pillars_altar
D:4:      layout_loops_ring, minmay_temple_entry_gardened_gates, serial_shops,
          shop, uniq_pikel, uniq_menkaure, uniq_eustachio, uniq_duvessa

Skill      XL: |  1  2  3  4 |
---------------+-------------+-----
Fighting       | 1 |  1.5
Slings         | 1 |  1.0
Conjurations   | 5 |  5.2
Short Blades   | |  0.3
Throwing       | |  0.3
Dodging        | |  2.2
Stealth        | |  2.3
Spellcasting   | |  2.7

Action                   |  1- 3 |  4- 6 || total
-------------------------+-------+-------++-------
Melee: Short sword       |    17 |    35 ||    52
       Unarmed           |     1 |       ||     1
 Fire: Hunting sling     |    19 |       ||    19
Throw: Dart              |       |    12 ||    12
 Cast: Magic Dart        |    58 |    90 ||   148
  Use: Scroll            |       |     7 ||     7
  Eat: Chunk             |     2 |     5 ||     7
Armor: Robe              |     9 |     6 ||    15
Dodge: Dodged            |    44 |    48 ||    92
